[Event "Titled Tuesday Blitz September 21 2021"]
[White "Harikrishna, Pentala"]
[Black "Guliev, Logman"]
[WhiteFideId "5007003"]
[BlackFideId "13400061"]
[WhiteElo "2614"]
[BlackElo "2128"]
[Result "1-0"]
[Round "06"]
[TimeControl "180+1"]
[Date "2021.09.21"]
[WhiteClock "0:01:06"]
[BlackClock "0:00:04"]

1. d4 Nf6 2. Nf3 g6 3. Bg5 Bg7 4. Nbd2 d5 5. e3 O-O 6. Be2 c6 7. O-O Bg4 8. c4 e6 9. h3 Bxf3 10. Bxf3 Nbd7 11. b4 dxc4 12. Nxc4 Nb6 13. Na5 Qd7 14. a3 Nfd5 15. Rc1 Rfe8 16. Nb3 e5 17. Nc5 Qc7 18. e4 Nf4 19. d5 h6 20. d6 Qb8 21. d7 hxg5 22. dxe8=Q+ Qxe8 23. Nxb7 Bf8 24. Qc2 Rc8 25. Rfd1 Rc7 26. Nc5 Bh6 27. Bg4 Qe7 28. Qd2 Kh7 29. Qd8 Bf8 30. Qb8 Kh6 31. Rd8 Kg7 32. Rxf8 1-0


[Site "https://www.chess.com"]

[Event "Titled Tuesday Blitz September 21 2021"]
[White "Holt, Conrad"]
[Black "Zarubitski, Viachaslau"]
[WhiteFideId "2034387"]
[BlackFideId "13509373"]
[WhiteElo "2586"]
[BlackElo "2315"]
[Result "1-0"]
[Round "06"]
[TimeControl "180+1"]
[Date "2021.09.21"]
[WhiteClock "0:01:04"]
[BlackClock "0:00:03"]

1. d4 d5 2. c4 c6 3. Nc3 dxc4 4. e3 b5 5. a4 b4 6. Ne4 Qd5 7. Ng3 Nf6 8. Be2 e5 9. Nf3 exd4 10. Qxd4 Qxd4 11. Nxd4 Ba6 12. Bd2 Nbd7 13. Nxc6 Bb7 14. Nxb4 a5 15. Nc2 Bxg2 16. Rg1 Bd5 17. Na3 Ne5 18. Nb5 Kd7 19. O-O-O Kc6 20. Bc3 Ned7 21. e4 Nxe4 22. Nxe4 Bxe4 23. Bxc4 g6 24. b3 Rg8 25. Bxf7 Bh6+ 26. Kb2 Rgd8 27. Rd6+ Kb7 28. Rgd1 Bc6 29. Bd5 Bxd5 30. R1xd5 Kc8 31. Bf6 Bf8 32. Rc6+ Kb7 33. Rc7+ Kb6 34. Bxd8 1-0


[Site "https://www.chess.com"]

[Event "Titled Tuesday Blitz September 21 2021"]
[White "Jobava, Baadur"]
[Black "Putnam, Liam"]
[WhiteFideId "13601520"]
[BlackFideId "30938279"]
[WhiteElo "2731"]
[BlackElo "2035"]
[Result "0-1"]
[Round "06"]
[TimeControl "180+1"]
[Date "2021.09.21"]
[WhiteClock "0:02:39"]
[BlackClock "0:01:20"]

1. b3 a5 2. Bb2 a4 3. e3 e6 4. f4 Nf6 5. Nf3 d5 6. g4 Nxg4 7. Rg1 Nxh2 8. Ng5 h6 9. Qh5 hxg5 10. Qxh8 Nf3+ 11. Kf2 Nxg1 12. Bxg7 Nd7 13. Nc3 axb3 14. cxb3 gxf4 15. Bb5 Nh3+ 16. Ke2 f3+ 17. Kxf3 Ng5+ 18. Kg4 c6 19. Bd3 f5+ 20. Kh5 Nf7 21. Rg1 Nxh8 0-1


[Site "https://www.chess.com"]

[Event "Titled Tuesday Blitz September 21 2021"]
[White "Khanin, Semen"]
[Black "Iskusnyh, Sergei"]
[WhiteFideId "4111990"]
[BlackFideId "4120027"]
[WhiteElo "2449"]
[BlackElo "2492"]
[Result "1-0"]
[Round "06"]
[TimeControl "180+1"]
[Date "2021.09.21"]
[WhiteClock "0:00:34"]
[BlackClock "0:00:11"]

1. e4 e6 2. d4 d5 3. e5 c5 4. c3 Nc6 5. Nf3 Nh6 6. Na3 cxd4 7. cxd4 Bb4+ 8. Bd2 Qa5 9. Nc2 Bxd2+ 10. Qxd2 Qxd2+ 11. Kxd2 Nf5 12. Bd3 Nfe7 13. b4 Bd7 14. a4 f6 15. a5 a6 16. Rhe1 Kf7 17. Rab1 Na7 18. Na1 Ba4 19. Nb3 Bxb3 20. Rxb3 Nec6 21. h4 h6 22. h5 f5 23. Rc1 Rhc8 24. Rc5 Ke7 25. Ke3 Kd7 26. g3 Ke7 27. Nh4 Kd7 28. Nxf5 exf5 29. Bxf5+ Ke7 30. Bxc8 Rxc8 31. Rxd5 Nb5 32. f4 Ke6 33. Ke4 Ne7 34. Rc5 Rd8 35. f5+ Kf7 36. d5 Nxf5 37. Rf3 Nd4 38. Rxf5+ 1-0


[Site "https://www.chess.com"]

[Event "Titled Tuesday Blitz September 21 2021"]
[White "Khusnutdinov, Rustam"]
[Black "Wagner, Dennis"]
[WhiteFideId "13701703"]
[BlackFideId "24650684"]
[WhiteElo "2571"]
[BlackElo "2355"]
[Result "0-1"]
[Round "06"]
[TimeControl "180+1"]
[Date "2021.09.21"]
[WhiteClock "0:00:24"]
[BlackClock "0:00:08"]

1. e4 e5 2. Nf3 Nc6 3. Bc4 Bc5 4. c3 Nf6 5. d4 exd4 6. e5 d5 7. Bb5 Ne4 8. cxd4 Bb6 9. Nc3 O-O 10. Be3 Bg4 11. h3 Bh5 12. Qc2 Bg6 13. Qb3 Ne7 14. O-O c6 15. Bd3 Nf5 16. Na4 Nxe3 17. fxe3 Ng3 18. Rf2 Bxd3 19. Qxd3 Ne4 20. Rff1 f6 21. Nc3 Nxc3 22. bxc3 Bc7 23. e4 fxe5 24. dxe5 dxe4 25. Qxe4 Qd5 26. Qxd5+ cxd5 27. Rad1 Rad8 28. Rd3 Rfe8 29. Re1 h6 30. Kf2 Kf7 31. a4 Re6 32. Kf1 Ra6 33. Rd4 Bb6 34. Rf4+ Ke7 35. e6 Rf8 36. Rxf8 Kxf8 37. Rd1 Ke7 38. Rxd5 Kxe6 39. Re5+ Kd6 40. Re4 Kd5 41. Rg4 g5 42. h4 gxh4 43. Rxh4 Be3 44. Ke2 Re6 45. Kd3 Bc5 46. c4+ Kd6 47. Re4 Rxe4 48. Kxe4 Ke6 49. Nh4 h5 50. Nf5 Kf6 51. Ng3 Kg5 52. Ne2 Kg4 53. Kd5 b6 54. a5 Kf5 55. a6 Bf2 56. Nc3 Kg4 57. Ne4 Be3 58. Kc6 Kf4 59. Nc3 Kg3 60. Nb5 Kxg2 61. Nxa7 h4 62. Kb7 h3 63. Nc6 h2 64. a7 h1=Q 65. a8=Q Qh7+ 66. Ka6 Qd3 67. Qg8+ Kf1 68. Qd5 Qa3+ 69. Kb7 Qc5 70. Qe4 Ke2 71. Ne5 Qd4 72. Qf3+ Kd2 73. Qf5 Kc3 74. Ka6 Qd2 75. Qf6 Kb3 76. Qc6 Qa5+ 77. Kb7 Qxe5 78. Qf3 Qc5 79. Qe2 Kb4 80. Qd3 Qd4 81. Qe2 Kc5 82. Qf1 Qd7+ 83. Ka6 Bd4 84. Qd3 Qa4+ 85. Kb7 Qxc4 0-1


[Site "https://www.chess.com"]

[Event "Titled Tuesday Blitz September 21 2021"]
[White "Kislov, Oleg"]
[Black "Pavlidis, Anastasios"]
[WhiteFideId "13503774"]
[BlackFideId "4208404"]
[WhiteElo "2252"]
[BlackElo "2136"]
[Result "1-0"]
[Round "06"]
[TimeControl "180+1"]
[Date "2021.09.21"]
[WhiteClock "0:01:14"]
[BlackClock "0:01:37"]

1. d4 f5 2. e4 fxe4 3. Nc3 Nf6 4. Bg5 g6 5. f3 d5 6. fxe4 Nxe4 7. Nxe4 dxe4 8. Bc4 Nc6 9. Ne2 Bg7 10. O-O Bf5 11. c3 Qd7 12. Qb3 Na5 13. Bf7+ Kf8 14. Qd5 Qxd5 15. Bxd5 c6 16. Bxe4 Ke8 17. Bxf5 gxf5 18. Rxf5 Nc4 19. Ng3 Rf8 20. Rxf8+ Bxf8 21. b3 Nd6 22. Re1 Kd7 23. Ne4 Nxe4 24. Rxe4 Re8 25. Rh4 e5 26. Rxh7+ Kc8 27. dxe5 Rxe5 28. Rh8 Rxg5 29. Rxf8+ Kc7 30. Rf3 b5 31. Kf2 a5 32. h4 Rg4 33. g3 a4 34. Rf4 axb3 35. axb3 Rg7 36. h5 Rg5 37. g4 Kb6 38. Kf3 Rc5 39. c4 b4 40. h6 Ra5 41. h7 Ra8 42. g5 Kc5 43. g6 1-0


[Site "https://www.chess.com"]

[Event "Titled Tuesday Blitz September 21 2021"]
[White "Koridze, Lile"]
[Black "Janaszak, Dawid"]
[WhiteFideId "13612514"]
[BlackFideId "1119206"]
[WhiteElo "1978"]
[BlackElo "2283"]
[Result "1-0"]
[Round "06"]
[TimeControl "180+1"]
[Date "2021.09.21"]
[WhiteClock "0:00:42"]
[BlackClock "0:00:02"]

1. d4 Nf6 2. c4 c5 3. d5 b5 4. cxb5 a6 5. bxa6 Bxa6 6. Nc3 d6 7. e4 Bxf1 8. Kxf1 g6 9. g3 Bg7 10. Kg2 O-O 11. Nf3 Qb6 12. Qe2 Na6 13. Nd2 Nc7 14. Nc4 Qa6 15. a4 Rfb8 16. Re1 Rb4 17. Na3 e6 18. Qd1 exd5 19. exd5 Rd4 20. Qf3 Nfxd5 21. Ncb5 Rf8 22. Nxd4 Bxd4 23. Bh6 Rb8 24. Nb5 Nxb5 25. Qxd5 Nc7 26. Qe4 d5 27. Qe7 Ne6 28. Rab1 Qc6 29. a5 Re8 30. Qh4 Bh8 31. b3 d4+ 32. Kg1 d3 33. Rbd1 Ra8 34. Rxd3 Nd4 35. Qf4 Qd5 36. Rde3 Qd7 37. Re7 Qc6 38. Qxf7# 1-0


[Site "https://www.chess.com"]

[Event "Titled Tuesday Blitz September 21 2021"]
[White "Kovalchuk94"]
[Black "Kovalev, Vladislav"]
[BlackFideId "13504398"]
[WhiteElo "2685"]
[BlackElo "2573"]
[Result "1/2-1/2"]
[Round "06"]
[TimeControl "180+1"]
[Date "2021.09.21"]
[WhiteClock "0:00:05"]
[BlackClock "0:00:07"]

1. d4 Nf6 2. c4 g6 3. Nc3 Bg7 4. e4 d6 5. Nf3 O-O 6. Be2 e5 7. O-O Na6 8. Re1 Qe8 9. d5 Nc5 10. Qc2 a5 11. Be3 b6 12. Nd2 Ng4 13. Bxg4 Bxg4 14. f3 Bd7 15. b3 f5 16. a3 f4 17. Bf2 g5 18. b4 Na6 19. bxa5 bxa5 20. c5 Nxc5 21. Bxc5 dxc5 22. Ne2 g4 23. Qxc5 Rf6 24. Rec1 Rg6 25. Kf1 Rh6 26. Qg1 Bb5 27. Rxc7 Qg6 28. Rb1 Qa6 29. Re1 g3 30. hxg3 fxg3 31. f4 Rh4 32. Nf3 Rxf4 33. Qe3 Raf8 34. Kg1 R4f7 35. Rxf7 Rxf7 36. Nxg3 Bd7 37. Nh5 Qg6 38. Nxg7 Rxg7 39. Re2 Qh5 40. Kf1 h6 41. Ke1 Bg4 42. Kd2 Qe8 43. Qc3 Qa4 44. Qxe5 Qxa3 45. Qc3 Qa4 46. e5 Qa2+ 47. Ke3 Qxd5 48. Kf2 a4 49. Rd2 Qb3 50. Qxb3+ axb3 51. Rb2 Bxf3 52. gxf3 Rb7 53. f4 Kf7 54. Kf3 Ke6 55. Kg4 Rb4 56. Kh5 Kf5 57. Kxh6 Rb6+ 58. Kg7 Kxf4 59. e6 Rxe6 60. Rxb3 Re4 61. Rb2 Re3 62. Kg6 Ke4 63. Rb4+ Kf3 64. Rb5 Re4 65. Rf5+ Ke3 66. Kf6 Kd3 67. Rf3+ Ke2 68. Rf5 Re3 69. Re5 Rxe5 70. Kxe5 1/2-1/2


[Site "https://www.chess.com"]

[Event "Titled Tuesday Blitz September 21 2021"]
[White "Kozak, Adam"]
[Black "Sargsyan, Anna M."]
[WhiteFideId "753246"]
[BlackFideId "13308130"]
[WhiteElo "2448"]
[BlackElo "2263"]
[Result "1-0"]
[Round "06"]
[TimeControl "180+1"]
[Date "2021.09.21"]
[WhiteClock "0:00:51"]
[BlackClock "0:00:35"]

1. e4 c6 2. Nc3 d5 3. Nf3 Bg4 4. h3 Bxf3 5. Qxf3 Nf6 6. d3 e6 7. g3 Nbd7 8. Bg2 Bc5 9. O-O O-O 10. a3 Re8 11. Bd2 b5 12. Rad1 a5 13. Qe2 b4 14. Na4 Bd4 15. axb4 axb4 16. b3 c5 17. Kh2 dxe4 18. dxe4 e5 19. f4 Rxa4 20. bxa4 Qa5 21. Qb5 Qa7 22. fxe5 Bxe5 23. Bf4 Rb8 24. Qc6 h6 25. a5 Ra8 26. Bxe5 Nxe5 27. Qd6 Nc4 28. Qf4 Re8 29. e5 Nxe5 30. Rde1 Ng6 31. Rxe8+ Nxe8 32. Qc4 Nd6 33. Qd5 Nb5 34. a6 Qxa6 35. Qxf7+ Kh7 36. Bd5 h5 37. Qf5 Kh6 38. Bf3 1-0


[Site "https://www.chess.com"]

[Event "Titled Tuesday Blitz September 21 2021"]
[White "Krivonosov, Oleg"]
[Black "Tasev, Dejan"]
[WhiteFideId "11600349"]
[BlackFideId "936618"]
[WhiteElo "2469"]
[BlackElo "2253"]
[Result "1/2-1/2"]
[Round "06"]
[TimeControl "180+1"]
[Date "2021.09.21"]
[WhiteClock "0:02:12"]
[BlackClock "0:02:25"]

1. Nf3 Nf6 2. c4 g6 3. Nc3 Bg7 4. e4 d6 5. d4 O-O 6. Be2 e5 7. dxe5 dxe5 8. Qxd8 Rxd8 9. Bg5 Re8 10. Nd5 Nxd5 11. cxd5 c6 12. Bc4 cxd5 13. Bxd5 Nc6 14. O-O-O Be6 15. Bxe6 Rxe6 16. Rd7 Rc8 17. Kb1 f6 18. Be3 b6 19. Rhd1 Bf8 20. a3 Re7 21. Rxe7 Bxe7 22. Rd7 Kf7 23. b4 Ke6 24. Rd3 1/2-1/2


[Site "https://www.chess.com"]

[Event "Titled Tuesday Blitz September 21 2021"]
[White "Kumala, Aleksander"]
[Black "Ismayil, Malak"]
[WhiteFideId "1141880"]
[BlackFideId "13412604"]
[WhiteElo "2269"]
[BlackElo "1879"]
[Result "1-0"]
[Round "06"]
[TimeControl "180+1"]
[Date "2021.09.21"]
[WhiteClock "0:01:09"]
[BlackClock "0:00:03"]

1. d4 Nf6 2. Bg5 e6 3. Nd2 h6 4. Bh4 d5 5. e3 Be7 6. Bd3 c5 7. c3 Nc6 8. f4 b6 9. Ngf3 Bb7 10. Ne5 Qc7 11. O-O Rf8 12. a4 O-O-O 13. Nxc6 Bxc6 14. a5 b5 15. a6 c4 16. Bc2 Rh8 17. Nf3 Rdf8 18. Ne5 Bd6 19. Bg3 Nd7 20. Nxc6 Qxc6 21. b3 Nb6 22. Qf3 f5 23. Rfb1 g5 24. Qe2 g4 25. bxc4 Nxc4 26. Bd3 Kd7 27. Bxc4 dxc4 28. e4 fxe4 29. Qxg4 Rhg8 30. Qh5 Bxf4 31. Rxb5 Bxg3 32. hxg3 Rb8 33. Rab1 Rxb5 34. Rxb5 Qxa6 35. Qf7+ Kd6 36. Rb7 Rxg3 37. Qd7# 1-0


[Site "https://www.chess.com"]

[Event "Titled Tuesday Blitz September 21 2021"]
[White "Levitskiy, Andrey"]
[Black "Sliwicki, Damian"]
[WhiteFideId "14132885"]
[BlackFideId "1127128"]
[WhiteElo "2340"]
[BlackElo "2151"]
[Result "1-0"]
[Round "06"]
[TimeControl "180+1"]
[Date "2021.09.21"]
[WhiteClock "0:00:05"]
[BlackClock "0:00:16"]

1. e4 c5 2. Nf3 g6 3. d4 cxd4 4. Nxd4 Nc6 5. c4 Nf6 6. Nc3 Nxd4 7. Qxd4 d6 8. Be2 Bg7 9. Be3 O-O 10. Qd2 a5 11. O-O a4 12. Rad1 Qa5 13. Bd4 Be6 14. f4 Qb4 15. a3 Qb3 16. Rf3 Bxc4 17. Nd5 Bxd5 18. Rxb3 Bxb3 19. Rc1 Nxe4 20. Qe3 Bxd4 21. Qxd4 Nc5 22. f5 Rac8 23. Rf1 Bc2 24. f6 Ne6 25. Qd2 exf6 26. Rxf6 Bf5 27. g4 Rc2 28. Qe3 Kg7 29. gxf5 Kxf6 30. fxe6 fxe6 31. Qf4+ Kg7 32. Qe3 e5 33. Bf1 Rxb2 34. Qd3 Rb3 35. Qxd6 Rb1 36. Qxe5+ Rf6 37. Qe7+ Rf7 38. Qe5+ Rf6 39. Qc7+ Kh6 40. Kg2 Rfxf1 41. Qc5 Rg1+ 42. Kf2 Rgf1+ 43. Ke2 Rbe1+ 44. Kd2 Rd1+ 45. Ke2 Rde1+ 46. Kd2 Rc1 47. Qe3+ g5 48. Qe6+ Kh5 49. Qh3+ Kg6 50. Qe6+ Kg7 51. Qe7+ Kh6 52. Qe6+ Kh5 53. Qe8+ Kg4 54. Qe2+ Kh3 55. Qh5+ Kg2 56. Qxg5+ Kh1 57. Qd5+ Kg1 58. Qd4+ Kh1 59. Qe4+ Kg1 60. Qxb7 Rfd1+ 61. Ke3 Re1+ 62. Kf4 Rf1+ 63. Kg4 Rc2 64. Qb6+ Kh1 65. h4 Rg2+ 66. Kh5 Rf5+ 67. Kh6 Rg6+ 68. Qxg6 hxg6 69. Kxg6 Rf3 70. h5 Rxa3 71. h6 Rh3 72. h7 Rh6+ 73. Kxh6 a3 74. h8=Q a2 75. Qa1+ 1-0


[Site "https://www.chess.com"]

[Event "Titled Tuesday Blitz September 21 2021"]
[White "Lysyj, Igor"]
[Black "Shvedova, Alexandra"]
[WhiteFideId "4150120"]
[BlackFideId "54154782"]
[WhiteElo "2660"]
[BlackElo "1887"]
[Result "1-0"]
[Round "06"]
[TimeControl "180+1"]
[Date "2021.09.21"]
[WhiteClock "0:02:12"]
[BlackClock "0:01:03"]

1. d4 Nf6 2. c4 e6 3. Nf3 d5 4. g3 dxc4 5. Bg2 Nc6 6. Qa4 Nd7 7. Qxc4 Nb6 8. Qb5 a6 9. Qd3 e5 10. Nxe5 Nb4 11. Qc3 Qxd4 12. Qxc7 Be6 13. O-O Bd6 14. Qxb7 Rb8 15. Nc6 Nxc6 16. Qxc6+ Bd7 17. Qc3 Qxc3 18. Nxc3 Nc4 19. b3 Be5 20. Bf4 Bxc3 21. Bxb8 Bxa1 22. Rxa1 Ne5 23. Bxe5 1-0


[Site "https://www.chess.com"]

[Event "Titled Tuesday Blitz September 21 2021"]
[White "Macovei, Andrei"]
[Black "Begunov, Konstantin"]
[WhiteFideId "13904680"]
[BlackFideId "4118510"]
[WhiteElo "2389"]
[BlackElo "2262"]
[Result "1-0"]
[Round "06"]
[TimeControl "180+1"]
[Date "2021.09.21"]
[WhiteClock "0:01:25"]
[BlackClock "0:00:05"]

1. e4 c5 2. Nf3 d6 3. d4 cxd4 4. Nxd4 Nf6 5. Nc3 a6 6. f3 e5 7. Nb3 Be7 8. Be3 O-O 9. Qd2 b5 10. g4 b4 11. Ne2 Be6 12. g5 Nh5 13. Ng3 Nf4 14. h4 Qc7 15. Nf5 a5 16. Bxf4 a4 17. Nbd4 exf4 18. Qxf4 a3 19. Nxe7+ Qxe7 20. b3 d5 21. e5 f6 22. gxf6 gxf6 23. O-O-O fxe5 24. Rg1+ Kh8 25. Qxe5+ Rf6 26. Bh3 Nd7 27. Qe3 Re8 28. Bxe6 Nc5 29. Rde1 Nxe6 30. Nxe6 Rxe6 31. Qd4+ Qf6 32. Qxf6+ Rxf6 33. Rxe8+ Rf8 34. Rxf8# 1-0


[Site "https://www.chess.com"]

[Event "Titled Tuesday Blitz September 21 2021"]
[White "Madaminov, Mukhiddin"]
[Black "Baches Garcia, Guillermo"]
[WhiteFideId "14210703"]
[BlackFideId "2209764"]
[WhiteElo "1855"]
[BlackElo "2473"]
[Result "1-0"]
[Round "06"]
[TimeControl "180+1"]
[Date "2021.09.21"]
[WhiteClock "0:01:07"]
[BlackClock "0:00:03"]

1. e4 c5 2. Nf3 d6 3. Bb5+ Bd7 4. c4 Nf6 5. Nc3 g6 6. O-O Bg7 7. d4 cxd4 8. Nxd4 O-O 9. Be3 Nc6 10. Nxc6 bxc6 11. Ba4 Ng4 12. Bd2 Ne5 13. Qe2 c5 14. Bxd7 Qxd7 15. Rad1 Nc6 16. Be1 Nd4 17. Qd3 e6 18. b3 f5 19. Bd2 f4 20. f3 g5 21. Ne2 h5 22. Be1 Be5 23. Bf2 Nxe2+ 24. Qxe2 Qg7 25. Rd3 g4 26. Rfd1 g3 27. Be1 gxh2+ 28. Kxh2 Rf6 29. Bc3 Qg3+ 30. Kh1 Raf8 31. Bxe5 dxe5 32. Qe1 Qg5 33. Rd8 h4 34. Rxf8+ Rxf8 35. Qf2 Rf6 36. Qxc5 Rg6 37. Qc8+ Kh7 38. Rd7+ Rg7 39. Rxg7+ Qxg7 40. Qxe6 Qg3 41. Qf5+ Kh6 42. Qe6+ Kh7 43. Qg4 Qe1+ 44. Kh2 1-0


[Site "https://www.chess.com"]

[Event "Titled Tuesday Blitz September 21 2021"]
[White "Majer, Damir"]
[Black "Pinheiro, Iung Alicio de O."]
[WhiteFideId "4615689"]
[BlackFideId "2104350"]
[WhiteElo "2228"]
[BlackElo "2614"]
[Result "1-0"]
[Round "06"]
[TimeControl "180+1"]
[Date "2021.09.21"]
[WhiteClock "0:00:48"]
[BlackClock "0:00:11"]

1. d4 Nf6 2. Nf3 g6 3. g3 Bg7 4. Bg2 O-O 5. O-O d5 6. Nbd2 c5 7. dxc5 Na6 8. Nb3 Ne4 9. c3 Naxc5 10. Be3 Na4 11. Qc1 Re8 12. Rd1 e6 13. Nbd4 Bd7 14. Ng5 Nf6 15. b3 Nb6 16. a4 Rc8 17. Nb5 h6 18. Nxf7 Kxf7 19. Nd6+ Kg8 20. Nxc8 Nxc8 21. Bxh6 Bc6 22. c4 Qe7 23. Bxg7 Qxg7 24. c5 e5 25. b4 d4 26. Bxc6 bxc6 27. b5 Ne7 28. b6 a6 29. Qc4+ Ned5 30. Qxa6 Qf7 31. Qd3 Nc3 32. Re1 Nfe4 33. f3 Nxc5 34. Qc2 e4 35. a5 exf3 36. exf3 Rxe1+ 37. Rxe1 Qxf3 38. Qxg6+ 1-0


[Site "https://www.chess.com"]

[Event "Titled Tuesday Blitz September 21 2021"]
[White "Makhnev, Denis"]
[Black "Kushko, Dmitriy"]
[WhiteFideId "13707647"]
[BlackFideId "14162261"]
[WhiteElo "2537"]
[BlackElo "2219"]
[Result "1-0"]
[Round "06"]
[TimeControl "180+1"]
[Date "2021.09.21"]
[WhiteClock "0:02:25"]
[BlackClock "0:00:27"]

1. Nf3 Nf6 2. c4 g6 3. Nc3 Bg7 4. g3 O-O 5. Bg2 d6 6. O-O Nc6 7. Rb1 a5 8. a3 e5 9. b4 axb4 10. axb4 Re8 11. b5 Nd4 12. d3 Bg4 13. e3 Nxf3+ 14. Bxf3 Bxf3 15. Qxf3 e4 16. dxe4 Qe7 17. Nd5 Qxe4 18. Nxf6+ Bxf6 19. Qxf6 Qxb1 20. Bb2 1-0


[Site "https://www.chess.com"]

[Event "Titled Tuesday Blitz September 21 2021"]
[White "Maksimenko, Viktor"]
[Black "Dolzhykova, Kateryna"]
[WhiteFideId "13710478"]
[BlackFideId "14113414"]
[WhiteElo "2269"]
[BlackElo "2180"]
[Result "0-1"]
[Round "06"]
[TimeControl "180+1"]
[Date "2021.09.21"]
[WhiteClock "0:00:31"]
[BlackClock "0:00:04"]

1. d4 Nf6 2. c4 e6 3. Nf3 c5 4. d5 exd5 5. cxd5 d6 6. e4 g6 7. Bd3 Bg7 8. O-O O-O 9. Nbd2 Nbd7 10. h3 Nh5 11. Nc4 Nb6 12. Bg5 f6 13. Be3 Nxc4 14. Bxc4 f5 15. exf5 Bxf5 16. Ng5 Nf6 17. Ne6 Bxe6 18. dxe6 Qe7 19. Bg5 a6 20. a4 h6 21. Bxf6 Rxf6 22. Qd3 Raf8 23. Rae1 Rf5 24. Re4 d5 25. Rg4 dxc4 26. Qxc4 Kh7 27. Rd1 Bd4 28. Rd2 h5 29. Re4 Rxf2 30. Rexd4 Rf1+ 31. Kh2 cxd4 32. Rxd4 Kh8 33. Rd7 Qf6 34. Qe4 Qf4+ 35. Qxf4 R1xf4 36. e7 Rg8 37. Rxb7 Re4 38. b4 Re8 39. b5 axb5 40. a5 R4xe7 41. Rxb5 Re5 42. Rb6 Rxa5 43. Rxg6 Rg8 44. Rb6 Rag5 45. g3 Kh7 46. Rb7+ R8g7 47. Rb3 h4 48. g4 Rc7 49. Kg2 Rc2+ 50. Kf3 Rgc5 51. Kf4 R2c4+ 52. Kf3 Rc3+ 0-1


[Site "https://www.chess.com"]

[Event "Titled Tuesday Blitz September 21 2021"]
[White "Manafov, Vugar"]
[Black "Martinovici, Ilia"]
[WhiteFideId "13410814"]
[BlackFideId "13907034"]
[WhiteElo "2274"]
[BlackElo "2303"]
[Result "1-0"]
[Round "06"]
[TimeControl "180+1"]
[Date "2021.09.21"]
[WhiteClock "0:00:16"]
[BlackClock "0:00:23"]

1. Nf3 d5 2. g3 c6 3. Bg2 Nf6 4. O-O Bg4 5. d3 Nbd7 6. Nc3 e5 7. e4 Bd6 8. h3 Bxf3 9. Bxf3 dxe4 10. dxe4 Nc5 11. Bg2 O-O 12. Be3 Ne6 13. Ne2 Bc5 14. Qc1 Qb6 15. Bxc5 Qxc5 16. c3 Rad8 17. Qc2 Rd7 18. Rfd1 Rfd8 19. Rxd7 Rxd7 20. Rd1 Rxd1+ 21. Qxd1 Kf8 22. b4 Qe7 23. f3 Qd7 24. Qc2 Ke7 25. Nc1 h5 26. h4 Qd6 27. Bf1 g5 28. hxg5 Nxg5 29. Be2 Qe6 30. Qd2 Nfh7 31. Qe3 b6 32. Bf1 f6 33. a4 Nf8 34. a5 Nd7 35. Bd3 h4 36. gxh4 Nh3+ 37. Kh2 Nf4 38. Bf1 Qg8 39. Qg1 Qh8 40. Qg3 bxa5 41. bxa5 Nc5 42. Ne2 Nce6 43. Nxf4 Nxf4 44. Qg4 c5 45. Bb5 Kd6 46. Qd7# 1-0


[Site "https://www.chess.com"]

[Event "Titled Tuesday Blitz September 21 2021"]
[White "Martins, Vinicius Tine"]
[Black "Kwon, Sehyun"]
[WhiteFideId "2112884"]
[BlackFideId "13203088"]
[WhiteElo "2373"]
[BlackElo "1778"]
[Result "0-1"]
[Round "06"]
[TimeControl "180+1"]
[Date "2021.09.21"]
[WhiteClock "0:00:10"]
[BlackClock "0:00:05"]

1. e4 g6 2. d4 Bg7 3. Nc3 d6 4. h4 h6 5. h5 g5 6. Bc4 e6 7. Nge2 Ne7 8. Be3 d5 9. Bd3 a6 10. f4 gxf4 11. Nxf4 c5 12. exd5 cxd4 13. Qg4 Rg8 14. Bh7 e5 15. Ne6 Bxe6 16. dxe6 f5 17. Qg3 dxe3 18. Rd1 Qb6 19. Bxg8 Kf8 20. Bf7 Nbc6 21. Rd7 f4 22. Qf3 Qxb2 23. Nd1 Qxc2 24. Bg6 Qc5 25. Qe4 Qb4+ 26. Ke2 Qxe4 27. Bxe4 Nd4+ 28. Kd3 Nxe6 29. Kc4 Rc8+ 30. Kb4 Nc5 31. Bxb7 Nxd7 32. Bxc8 Nxc8 33. Nc3 Nd6 34. Ka5 Nc5 35. Kb6 Nce4 36. Nd5 Kf7 37. Kxa6 Ke6 38. Nc7+ Kf5 39. Nd5 Ng3 40. Re1 e2 41. Nc3 Nde4 42. Nxe2 Nxe2 43. Rxe2 Ng3 44. Rb2 e4 45. Kb5 Bxb2 0-1


[Site "https://www.chess.com"]

[Event "Titled Tuesday Blitz September 21 2021"]
[White "Moksh Amit Doshi"]
[Black "Rustemov, Alexander"]
[WhiteFideId "25064967"]
[BlackFideId "4119002"]
[WhiteElo "2245"]
[BlackElo "2760"]
[Result "1-0"]
[Round "06"]
[TimeControl "180+1"]
[Date "2021.09.21"]
[WhiteClock "0:00:26"]
[BlackClock "0:00:10"]

1. d4 d5 2. c4 dxc4 3. Nf3 a6 4. e3 e6 5. Bxc4 c5 6. O-O Nf6 7. b3 b6 8. Bb2 Bb7 9. Be2 Nbd7 10. Nbd2 Be7 11. Nc4 O-O 12. Nfe5 b5 13. Nxd7 Nxd7 14. Nd2 Qb6 15. Rc1 Rfd8 16. Bf3 Rac8 17. Qe2 Bxf3 18. Nxf3 cxd4 19. Bxd4 Qb7 20. Qb2 f6 21. Rfd1 Rxc1 22. Qxc1 Rc8 23. Qd2 Nf8 24. h4 e5 25. Bc3 Rd8 26. Qe2 Rxd1+ 27. Qxd1 Qc6 28. Qd2 Qd7 29. Qc2 h5 30. Nd2 Qc6 31. Qd3 Kf7 32. Ne4 Qd7 33. Qe2 Qf5 34. Ng3 Qb1+ 35. Kh2 g6 36. Qf3 Qxa2 37. Qd5+ Ne6 38. f4 exf4 39. exf4 f5 40. Nxf5 gxf5 41. Qxf5+ Ke8 42. Qxe6 Qf2 43. Qg6+ Kd7 44. Qf5+ Ke8 45. Qxh5+ Kd8 46. Qd5+ Ke8 47. Qg8+ Kd7 48. Qg4+ Kd8 49. Ba5+ Ke8 50. h5 Bd6 51. Qg6+ Kd7 52. Qf7+ Kc6 53. Qe8+ Kd5 54. Qa8+ Ke6 55. Qe4+ Kd7 56. Qf5+ Kc6 57. Kh3 b4 58. h6 Bxf4 59. Qe4+ Kd7 60. Qd5+ Ke7 61. Bxb4+ Kf6 62. Bc3+ Kg6 63. Qe4+ Kxh6 64. Qe6+ Kh7 65. Qe7+ Kg6 66. Qg7+ Kf5 67. Qf7+ Ke4 68. Qe6+ Kd3 69. Qc4+ Ke3 70. Bd4+ Kd2 71. Bxf2 Be5 72. Bd4 Bf4 73. Qc3+ Ke2 74. Be5 Be3 75. Qxe3+ Kxe3 76. g4 Ke4 77. Bb2 Kd3 78. Kh4 Kc2 79. Kh5 Kxb2 80. g5 Kxb3 81. g6 a5 82. g7 a4 83. g8=Q+ Kb2 84. Qg2+ Kb3 85. Qf3+ Kb2 86. Qe2+ Kb3 87. Qd3+ Kb2 88. Qb5+ Ka3 89. Kg4 Ka2 90. Qxa4+ Kb2 91. Kf3 Kc3 92. Ke2 Kb2 93. Qd4+ Kc2 94. Qd3+ Kc1 95. Qd2+ Kb1 96. Kd3 Ka1 97. Kc3 Kb1 98. Qb2# 1-0


[Site "https://www.chess.com"]

[Event "Titled Tuesday Blitz September 21 2021"]
[White "Murzin, Volodar"]
[Black "Assaubayeva, Bibisara"]
[WhiteFideId "44155573"]
[BlackFideId "13708694"]
[WhiteElo "2514"]
[BlackElo "2232"]
[Result "1-0"]
[Round "06"]
[TimeControl "180+1"]
[Date "2021.09.21"]
[WhiteClock "0:00:04"]
[BlackClock "0:00:03"]

1. e4 c5 2. Nf3 d6 3. Bb5+ Nd7 4. O-O a6 5. Bd3 Ngf6 6. c3 g6 7. Bc2 Bg7 8. d4 O-O 9. Nbd2 cxd4 10. cxd4 e5 11. d5 a5 12. a4 Nc5 13. Re1 b6 14. Nb1 Ba6 15. Nc3 Rc8 16. Be3 Nfd7 17. Rc1 h6 18. Nb5 Bxb5 19. axb5 f5 20. Bb1 f4 21. Bd2 g5 22. h3 h5 23. Nh2 Nf6 24. Qe2 Qd7 25. f3 Bh6 26. Rc3 Rf7 27. Rec1 Rg7 28. Bc2 g4 29. hxg4 hxg4 30. Nxg4 Nxg4 31. fxg4 Kf7 32. Rh3 Rh8 33. Bd1 Rgh7 34. Rcc3 Bg5 35. Rh5 Kg6 36. Rch3 Rh6 37. Qf1 Rf8 38. Bf3 Nb3 39. Bc3 Qc7 40. Qd1 Qc5+ 41. Kh1 Qxb5 42. Rxh6+ Bxh6 43. g5 Bxg5 44. Bg4 f3 45. Bxf3 Nd4 46. Bxd4 exd4 47. e5 dxe5 48. Be4+ Kg7 49. Rh7+ Kg8 50. Bd3 Qxd5 51. Qh5 e4 52. Qg6# 1-0


[Site "https://www.chess.com"]